 Dungeon Crawl Stone Soup version 0.32-a0-900-g30fb1b0edc (webtiles) character file.

Game seed: 12982404379301890694

138439 RBrandon the Skirmisher (level 16, -2/114 (123) HPs)
             Began as a Mountain Dwarf Monk on Apr 5, 2024.
             Was the Champion of Hepliaklqana.
             Slain by an anaconda (15 damage)
             ... on level 2 of the Snake Pit.
             The game lasted 01:13:04 (29620 turns).

RBrandon the Skirmisher (Mountain Dwarf Monk)      Turns: 29620, Time: 01:13:05

HP:   -2/114 (123)  AC: 20    Str: 23    XL:     16   Next: 71%
MP:   0/24          EV:  9    Int: 10    God:    Hepliaklqana [******]
Gold: 63            SH:  0    Dex: 20    Spells: 8/17 levels left

rFire   . . .        a - +6 arbalest "Damnation" {damnation}
rCold   . . .        (shield currently unavailable)
rNeg    . . .        Y - +0 swamp dragon scales
rPois   +            O - +2 helmet of Citos {Harm +Inv Dex+3}
rElec   .            (no cloak)
rCorr   .            I - +2 pair of gloves
SInv    .            S - +1 pair of boots
Will    +....        D - amulet of guardian spirit
Stlth   +            L - ring "Maextimuf" {Str+2 Dex+3 Slay+4}
HPRegen 0.39/turn    H - +5 ring of evasion
MPRegen 0.19/turn

%: harm (+30% outgoing, +20% incoming), guardian spirit
@: constricted, drained
A: reduced essence, runic magic, artefact enchanting
a: Renounce Religion, Evoke Invisibility, Recall Ancestor, Ancestor Identity,
Transference, Idealise


You were on level 2 of the Snake Pit.
You worshipped Hepliaklqana.
Hepliaklqana was exalted by your worship.
You visited 5 branches of the dungeon, and saw 27 of its levels.
You also visited: Sewer and Ice Cave.

You collected 2601 gold pieces.
You spent 2538 gold pieces at shops.

Inventory:

Hand Weapons
 a - the +6 arbalest "Damnation" (weapon) {damnation}
   (You bought it in a shop on level 2 of the Orcish Mines)
 b - a +1 arbalest
 v - a +4 flail
 B - a +1 mace
 W - a +1 orcbow of flaming
   (You found it on level 15 of the Dungeon)
Missiles
 m - 6 curare-tipped darts
Armour
 d - an orb of light
 t - a +2 helmet
 E - a +1 scale mail of cold resistance
   (You took it off an orc on level 7 of the Dungeon)
 I - a +2 pair of gloves (worn)
 O - the +2 helmet of Citos (worn) {Harm +Inv Dex+3}
   (You bought it in a shop on level 9 of the Dungeon)

   Dex+3:     It affects your dexterity (+3).
   +Inv:      It lets you turn invisible.
   Harm:      It increases damage dealt and taken.
 S - a +1 pair of boots (worn)
 Y - +0 swamp dragon scales (worn)
Jewellery
 y - a +5 ring of evasion
 z - a +6 ring of dexterity
 D - an amulet of guardian spirit (around neck)
 F - a +6 ring of intelligence
 H - a +5 ring of evasion (right hand)
 L - the ring "Maextimuf" (left hand) {Str+2 Dex+3 Slay+4}
   (You found it on level 5 of the Lair of Beasts)

   [ring of slaying]

   Str+2:     It affects your strength (+2).
   Dex+3:     It affects your dexterity (+3).
   Slay+4:    It affects your accuracy & damage with ranged weapons and melee
   (+4).
 Q - a ring of positive energy
 V - a ring of wizardry
 Z - a +6 ring of intelligence
Wands
 e - a wand of acid (6)
 h - a wand of polymorph (7)
 u - a wand of paralysis (32)
 A - a wand of flame (22)
 C - a wand of warping (21)
 X - a wand of digging (2)
Scrolls
 f - 5 scrolls of amnesia
 i - 3 scrolls of teleportation
 n - 4 scrolls of revelation
 p - 2 scrolls of noise
 q - a scroll of enchant weapon
 r - 4 scrolls of fog
 s - 4 scrolls of poison
 x - 4 scrolls of vulnerability
 N - a scroll of fear {unknown}
 P - a scroll of butterflies
 R - 6 scrolls of identify
Potions
 c - 4 potions of ambrosia
 g - 5 potions of attraction
 j - a potion of magic
 l - 3 potions of brilliance
 o - 3 potions of degeneration
 w - 2 potions of resistance
 J - a potion of lignification
 K - 3 potions of enlightenment
 M - a potion of mutation
 T - 4 potions of curing
 U - a potion of cancellation
Miscellaneous
 G - a Gell's gravitambourine (1/2)


   Skills:
 - Level 11.3 Fighting
 - Level 14.0 Maces & Flails
 + Level 14.2 Ranged Weapons
 - Level 11.4 Armour
 - Level 6.4 Dodging
 - Level 1.1 Spellcasting
 - Level 11.0 Hexes
 - Level 4.9 Translocations
 - Level 11.0 Invocations
 - Level 9.6 Evocations


You had 8 spell levels left.
You knew the following spells:

 Your Spells              Type           Power      Damage    Failure   Level
a - Blink                 Tloc           20%        N/A       7%          2
b - Dimensional Bullseye  Hex/Tloc       8%         N/A       14%         4
c - Sigil of Binding      Hex            22%        N/A       1%          3

Your spell library contained the following spells:

 Spells                   Type           Power      Damage    Failure   Level
 Ensorcelled Hibernation  Hex/Ice        22%        N/A       6%          2
 Magic Dart               Conj           0%         1d3       36%         1
 Sandblast                Erth           0%         2d4       36%         1
 Shock                    Conj/Air       0%         1d3       36%         1
 Sting                    Conj/Alch      0%         1d3       36%         1
 Call Imp                 Summ           0%         N/A       50%         2
 Mercury Vapours          Alch/Air       0%         N/A       50%         2
 Static Discharge         Conj/Air       0%         3-3/arc   50%         2
 Call Canine Familiar     Summ           0%         N/A       73%         3
 Passwall                 Erth           0%         N/A       73%         3
 Stone Arrow              Conj/Erth      0%         3d7       73%         3
 Swiftness                Air            0%         N/A       73%         3
 Vhi's Electric Charge    Tloc/Air       10%        N/A       78%         4
 Airstrike                Air            0%         2d(0-16)  98%         4
 Animate Dead             Necr           0%         N/A       98%         4
 Brom's Barrelling Bould  Conj/Erth      0%         2d3       98%         4
 Olgreb's Toxic Radiance  Alch           0%         N/A       98%         4
 Summon Lightning Spire   Summ/Air       0%         N/A       98%         4
 Arcjolt                  Conj/Air       0%         1d10      100%        5
 Death Channel            Necr           0%         N/A       100%        6
 Plasma Beam              Fire/Air       0%         2x1d10    100%        6
 Sculpt Simulacrum        Ice/Alch       0%         N/A       100%        6
 Haunt                    Necr/Summ      0%         N/A       100%        7
 Ozocubu's Refrigeration  Ice            0%         4d7       100%        7
 Discord                  Hex            11%        N/A       100%        8
 Infestation              Necr           0%         N/A       100%        8


Dungeon Overview and Level Annotations

Branches:
Dungeon (15/15)            Temple (0/1) D:4            Lair (5/5) D:8
  Swamp (3/4) Lair:2        Snake (2/4) Lair:2        Slime (0/5) Lair:5
    Orc (2/2) D:9             Elf (0/3) Orc:2        Vaults (0/5) D:14
 Depths (0/4) D:15          Sewer (visited)           IceCv (visited)

Altars:
Dithmenos
Hepliaklqana
Sif Muna
Trog
Jiyva
Lugonu

Shops:
D:5 **   D:7 :   D:9 [   Orc:2 ==**   Snake:1 ?

Portals:
Abyss: Lair:5
Trove: D:13 (give +7 demon trident)

Annotations:
D:12 1 runed translucent door, Orlauf's ghost, journeyman DsGl
Snake:2 Vashnia


Innate Abilities, Weirdness & Mutations

Your life essence is reduced to manifest your ancestor. (-10% HP)
Your spellcasting is much less encumbered by armour.
You can use scrolls of enchantment on lesser artefacts.


Message History

The anaconda's grasp on you weakens, but your attempt to escape fails.
The anaconda bites you but does no damage.
The anaconda constricts you.
The anaconda bites you but does no damage.
The anaconda constricts you.
* * * LOW HITPOINT WARNING * * *
The naga sharpshooter unwields a +0 flail.
The naga sharpshooter wields a +0 longbow.
The naga sharpshooter casts a spell.
The naga sharpshooter magically shoots an arrow.
The arrow barely misses you.
You escape the anaconda's grasp.
The anaconda attacks as it pursues you! The anaconda misses you.
The naga sharpshooter unwields a +3 short sword.
The naga sharpshooter wields a +0 arbalest.
The naga sharpshooter gestures wildly while chanting.
The naga sharpshooter magically shoots a bolt.
The bolt barely misses you.
You hear an angry hiss.
Your dimensional bullseye dissipates.
The anaconda completely misses you. The anaconda misses you.
Fire: a) +6 arbalest "Damnation" {damnation}
Press: ? - help, Q - select action, (/) - cycle Shift-Dir - straight line, f - anaconda
Aim: an anaconda (heavily wounded, 63% to hit)
You shoot a damnation bolt.
The damnation bolt completely misses the anaconda.
The anaconda grabs you. The anaconda bites you!
* * * LOW HITPOINT WARNING * * *
The anaconda constricts you.
* * * LOW HITPOINT WARNING * * *
The anaconda bites you but does no damage.
The anaconda constricts you.
* * * LOW HITPOINT WARNING * * *
You feel better. The anaconda bites you.
* * * LOW HITPOINT WARNING * * *
The anaconda constricts you.
* * * LOW HITPOINT WARNING * * *
The anaconda bites you!
You die...
Hepliaklqana delivers you to your ancestors.

### ##.## #######.#
##...###......#
#........#####.#
##........#
##.........# ###
##.........## ####.#
#.....###.)####.....
##.@### ###.##......
#S## ##.#...... ##.#
#.#...... #..#####.#
##.......
#.......### #.#.....
##.####...#
..##..... ##
#N.......). ##....
###. #.#........
#....
#...#N##N.......
....


You could see an anaconda.

Vanquished Creatures
  A tentacled monstrosity (Swamp:2)
  Jorgrun (Swamp:2)
  A thorn hunter (Swamp:3)
  Louise (Snake:1)
  A bunyip (Swamp:2)
  2 eleionomae (Swamp:2)
  A ghost crab (Swamp:1)
  5 hydras
  An ogre mage (Orc:2)
  2 alligators
  2 anacondas (Snake:1)
  A catoblepas (Lair:4)
  10 two-headed ogres
  3 centaur warriors
  4 death yaks
  2 boulder beetles
  A sphinx skeleton (D:15)
  2 thrashing horrors (Lair:5)
  A vampire mage (D:13)
  2 naga warriors (Snake:1)
  A shock serpent (Snake:1)
  5 naga sharpshooters
  3 skeletal warriors (D:15)
  2 goliath frogs
  A spark wasp zombie (D:15)
  2 spriggan druids
  2 swamp dragons
  3 mana vipers (Snake:1)
  3 lindwurms (D:8)
  A large abomination (Lair:5)
  A naga ritualist (Snake:1)
  A necromancer (D:15)
  6 ugly things
  An orc sorcerer (Orc:2)
  2 manticores (D:12)
  A cyclops (D:12)
  A salamander (Snake:1)
  8 black mambas
  3 kobold blastminers (Orc:2)
  2 elephants (Lair:5)
  6 cane toads
  A smoke demon (Lair:5)
  3 naga magi
  A torpor snail (Lair:5)
  An orange demon (D:11)
  2 rime drakes
  An unseen horror (D:10)
  2 komodo dragons (Lair:2)
  An efreet (D:15)
  10 trolls
  Grinder (D:6)
  3 hornets
  3 tyrant leeches (Swamp:2)
  7 blink frogs
  A dream sheep (Lair:4)
  3 slime creatures (D:12)
  A ynoxinul (Lair:5)
  18 yaks
  2 shadows
  A vampire (D:13)
  3 spriggans
  A wyvern (Lair:5)
  4 basilisks
  A steam dragon (D:7)
  8 vampire mosquitoes
  A chaos spawn (Lair:5)
  A death yak simulacrum (IceCv)
  4 small abominations (Lair:5)
  8 swamp worms
  6 nagas
  6 water moccasins
  A swamp drake (Swamp:1)
  A laughing skull (D:14)
  6 orc warriors
  2 black bears
  A sky beast (D:6)
  A wolf (shapeshifter) (D:14)
  16 ogres (Orc:2)
  5 centaurs
  A phantom (D:9)
  7 wolves
  3 kobold brigands
  9 bullfrogs
  2 wights (D:6)
  14 killer bees
  5 howler monkeys
  A hound (D:7)
  7 orc priests
  A sleepcap (D:6)
  An iguana (D:7)
  11 orc wizards
  A polar bear simulacrum (IceCv)
  2 ogre zombies (D:9)
  An adder (D:4)
  A river rat (Sewer)
  A white imp (D:5)
  A ribbon worm (D:3)
  A dart slug (D:1)
  33 orcs
  7 ball pythons
  3 bats
  5 endoplasms
  8 giant cockroaches
  A gnoll zombie (D:9)
  6 goblins
  3 hobgoblins
  3 jackals (D:2)
  2 quokkas (D:3)
  4 frilled lizards
  2 gnoll skeletons (D:9)
  23 kobolds
  2 orc skeletons (D:9)
  8 orc zombies (D:9)
  8 rats
425 creatures vanquished.

Vanquished Creatures (collateral kills)
  A thorn hunter (Swamp:2)
  An ironbound preserver (D:14)
  An eleionoma (Swamp:3)
  2 bunyips
  Fannar (D:11)
  A hydra (Lair:3)
  2 catoblepae
  3 ogre magi (Orc:2)
  Erolcha (D:9)
  A centaur warrior (D:12)
  An anaconda (Snake:1)
  A boulder beetle (D:13)
  3 alligators (Swamp:1)
  6 two-headed ogres
  10 death yaks
  A vampire mage (D:15)
  A thrashing horror (Lair:5)
  Amaemon (D:11)
  A skyshark (Lair:5)
  A goliath frog (Swamp:2)
  A swamp dragon (Swamp:1)
  A spriggan druid (Swamp:3)
  2 naga ritualists (Snake:1)
  A mana viper (Snake:2)
  2 lindwurms
  An oklob plant (Lair:4)
  12 ugly things
  A manticore (D:15)
  A will-o-the-wisp (Swamp:1)
  2 elephants (Lair:5)
  A torpor snail (Lair:5)
  A naga mage (Snake:1)
  7 black mambas
  A gargoyle (D:10)
  A smoke demon (Lair:5)
  10 cane toads
  A rime drake (Orc:2)
  2 unseen horrors
  A kobold demonologist (D:12)
  2 freezing wraiths (D:14)
  6 komodo dragons
  A queen bee (Lair:1)
  A bloated husk (Swamp:3)
  3 hornets
  3 tyrant leeches
  A polar bear (Lair:1)
  A raiju (Lair:5)
  11 dream sheep
  9 blink frogs
  3 vampires
  A wraith (D:9)
  2 spriggans (Swamp:2)
  A shadow (D:9)
  32 yaks
  3 wyverns
  3 ynoxinuls (Lair:5)
  A warg (Orc:2)
  4 basilisks
  2 chaos spawn (Lair:5)
  9 vampire mosquitoes
  5 small abominations (Lair:5)
  3 swamp worms
  10 water moccasins
  A swamp drake (Swamp:3)
  3 black bears
  3 ice beasts (D:7)
  2 orc warriors (Orc:1)
  A crocodile (Sewer)
  2 wolves
  9 ogres
  5 centaurs
  2 kobold brigands
  A brain worm (Sewer)
  8 bullfrogs
  A scorpion (D:5)
  A wight (D:6)
  2 troll zombies (D:9)
  An elephant simulacrum (IceCv)
  16 killer bees
  4 howler monkeys
  An electric eel (Lair:2)
  A hound (D:5)
  A jelly (D:6)
  5 orc priests
  An iguana (D:4)
  6 orc wizards
  A wolf simulacrum (IceCv)
  4 ogre zombies (D:9)
  3 river rats (Sewer)
  7 adders
  A white imp (D:3)
  2 ribbon worms (D:2)
  28 orcs
  5 ball pythons
  2 endoplasms
  7 giant cockroaches
  3 gnoll zombies (D:9)
  2 hobgoblins
  A jackal (D:2)
  2 quokkas (D:5)
  2 frilled lizards
  2 gnoll skeletons (D:9)
  14 kobolds
  An orc skeleton (D:9)
  6 orc zombies (D:9)
  6 rats
382 creatures vanquished.

Vanquished Creatures (others)
  2 bloated husks
  A swamp worm (Swamp:3)
  48 battlemagi
51 creatures vanquished.

Grand Total: 858 creatures vanquished

Notes
Turn   | Place    | Note
-------+----------+-------------------------------------------
     0 | D:1      | RBrandon the Mountain Dwarf Monk began the quest for the
                  | Orb.
     0 | D:1      | Reached XP level 1. HP: 19/19 MP: 1/1
   108 | D:1      | Reached XP level 2. HP: 15/27 MP: 2/2
   562 | D:1      | Reached XP level 3. HP: 34/34 MP: 3/3
   686 | D:3      | Found a faded altar of an unknown god.
   694 | D:3      | Prayed at the altar of an unknown god.
   694 | D:3      | Became a worshipper of Hepliaklqana the Forgotten
   694 | D:3      | Reached * piety under Hepliaklqana
   694 | D:3      | Reached ** piety under Hepliaklqana
   699 | D:2      | Remembered your ancestor Urydwinu as a battlemage
   803 | D:2      | Reached skill level 5 in Fighting
  1020 | D:2      | Reached *** piety under Hepliaklqana
  1088 | D:2      | Reached XP level 4. HP: 20/37 MP: 4/4
  1372 | D:3      | You fall into a shaft and drop 2 floors!
  1372 | D:5      | Entered Level 5 of the Dungeon
  1477 | D:5      | Reached XP level 5. HP: 45/45 MP: 5/5
  1479 | D:5      | Found Huon's Assorted Antiques.
  1479 | D:5      | Found Zedoliapn's Assorted Antiques.
  1661 | D:5      | Found a glowing drain.
  1671 | Sewer    | Entered a sewer
  1864 | Sewer    | Reached XP level 6. HP: 24/54 MP: 1/6
  2682 | D:4      | Reached XP level 7. HP: 61/63 MP: 7/7
  2754 | D:4      | Found a staircase to the Ecumenical Temple.
  2890 | D:4      | Noticed a yak
  2890 | D:4      | Noticed a yak
  2890 | D:4      | Noticed a yak
  2894 | D:4      | Noticed a yak
  3053 | D:3      | Reached **** piety under Hepliaklqana
  3897 | D:4      | Noticed a yak
  4005 | D:5      | Bought a glowing ring mail for 154 gold pieces
  4351 | D:6      | Noticed Grinder
  4353 | D:6      | Paralysed by Grinder for 5 turns
  4380 | D:6      | Killed Grinder
  4381 | D:6      | Reached skill level 10 in Fighting
  4492 | D:6      | Reached XP level 8. HP: 55/72 MP: 8/8
  4702 | D:6      | Reached skill level 1 in Invocations
  4872 | D:6      | Reached skill level 5 in Maces & Flails
  5394 | D:7      | Found a bloodstained altar of Trog.
  5524 | D:7      | Found a shimmering blue altar of Sif Muna.
  5528 | D:7      | Got Sif Muna's Codex of Generation
  5573 | D:7      | Reached XP level 9. HP: 41/80 MP: 6/11
  5735 | D:7      | Reached skill level 10 in Maces & Flails
  5935 | D:7      | Reached ***** piety under Hepliaklqana
  6124 | D:7      | Found Kebomud's Tremendous Tomes.
  6261 | D:8      | Noticed a lindwurm
  6262 | D:8      | Noticed a lindwurm
  6270 | D:8      | Noticed a lindwurm
  6278 | D:8      | Noticed a lindwurm
  6909 | D:8      | Killed a lindwurm
  6915 | D:8      | Killed a lindwurm
  6916 | D:8      | Reached XP level 10. HP: 85/85 MP: 12/12
  6927 | D:8      | Killed a lindwurm
  6939 | D:8      | Killed a lindwurm
  7020 | D:8      | Noticed a two-headed ogre
  7027 | D:8      | Killed a two-headed ogre
  7175 | D:8      | Found a staircase to the Lair.
  7264 | Lair:1   | Entered Level 1 of the Lair of Beasts
  7306 | Lair:1   | Noticed a cane toad
  7313 | Lair:1   | Killed a cane toad
  7353 | Lair:1   | Noticed a black mamba
  7361 | Lair:1   | Reached skill level 5 in Dodging
  7677 | Lair:1   | Noticed a cane toad
  7688 | Lair:1   | Killed a black mamba
  7690 | Lair:1   | Killed a cane toad
  7788 | Lair:1   | Noticed a cane toad
  7796 | Lair:1   | Killed a cane toad
  7920 | Lair:1   | Reached XP level 11. HP: 44/91 MP: 6/13
  8198 | Lair:1   | Reached skill level 5 in Invocations
  8522 | Lair:1   | HP: 2/91 [queen bee (10)]
  9807 | Lair:2   | Reached skill level 10 in Invocations
  9959 | Lair:2   | Found a staircase to the Swamp.
 10020 | Lair:2   | Reached skill level 1 in Armour
 10413 | Lair:2   | Found a staircase to the Snake Pit.
 10530 | Lair:2   | Reached skill level 5 in Armour
 10970 | Lair:3   | Reached XP level 12. HP: 44/99 MP: 8/20
 11306 | Lair:3   | Noticed a six-headed hydra
 11328 | Lair:3   | Killed a six-headed hydra
 11730 | Lair:3   | Reached skill level 10 in Armour
 11899 | Lair:3   | Noticed a four-headed hydra
 11907 | Lair:3   | Killed a four-headed hydra
 11983 | Lair:3   | Noticed an eight-headed hydra
 12256 | Lair:3   | Killed an eight-headed hydra
 12505 | Lair:3   | Learned a level 2 spell: Blink
 12560 | Lair:3   | Reached skill level 1 in Translocations
 13326 | Lair:4   | Noticed a catoblepas
 13328 | Lair:4   | Noticed a death yak
 13328 | Lair:4   | Noticed a death yak
 13328 | Lair:4   | Noticed a death yak
 13335 | Lair:4   | Killed a catoblepas
 13337 | Lair:4   | Killed a death yak
 13338 | Lair:4   | Reached XP level 13. HP: 99/104 MP: 16/21
 13694 | Lair:4   | Reached skill level 1 in Ranged Weapons
 13705 | Lair:4   | Learned a level 4 spell: Dimensional Bullseye
 13919 | Lair:5   | Entered Level 5 of the Lair of Beasts
 14062 | Lair:5   | Found a viscous altar of Jiyva.
 14062 | Lair:5   | Found a staircase to the Slime Pits.
 14104 | Lair:5   | Reached skill level 5 in Ranged Weapons
 15511 | Lair:4   | Learned a level 3 spell: Sigil of Binding
 15535 | Lair:5   | Reached XP level 14. HP: 111/111 MP: 22/22
 15543 | Lair:5   | Reached skill level 1 in Spellcasting
 15572 | Lair:5   | Reached skill level 1 in Hexes
 15910 | Lair:5   | Found a corrupted altar of Lugonu.
 15910 | Lair:5   | Found a one-way gate to the infinite horrors of the Abyss.
 15986 | Lair:5   | Identified the ring "Maextimuf" {Str+2 Dex+3 Slay+4}
 16079 | Lair:4   | Reached skill level 5 in Hexes
 16636 | D:9      | Found a staircase to the Orcish Mines.
 16905 | D:9      | Noticed Erolcha
 16911 | D:9      | Killed Erolcha
 16987 | D:9      | Found Erhatwas's Antique Armour Emporium.
 16992 | D:9      | Bought a slimy helmet for 304 gold pieces
 16992 | D:9      | Identified the +0 helmet of Citos {Harm +Inv Dex+3} (You
                  | bought it in a shop on level 9 of the Dungeon)
 17214 | D:10     | Entered Level 10 of the Dungeon
 17332 | D:10     | Identified the +4 battleaxe "Cadwuaj" {spect, Will+ Str+2
                  | Dex+3}
 18130 | D:11     | Noticed Fannar
 18130 | D:11     | Noticed Amaemon
 18136 | D:11     | Killed Amaemon
 18145 | D:11     | Killed Fannar
 18605 | D:12     | Reached skill level 10 in Ranged Weapons
 19202 | D:12     | Found a runed translucent door.
 19203 | D:12     | Noticed Orlauf's ghost (journeyman DsGl)
 19925 | D:13     | Found a portal to a secret trove of treasure.
 21499 | Orc:1    | Entered Level 1 of the Orcish Mines
 21503 | Orc:1    | Reached XP level 15. HP: 111/117 MP: 20/23
 21596 | Orc:2    | Entered Level 2 of the Orcish Mines
 21709 | Orc:2    | Found a frozen archway.
 21734 | IceCv    | Entered an ice cave
 21743 | IceCv    | Found a transporter.
 21752 | IceCv    | Identified the +2 short sword "Zelishiq" {flame, +Blink
                  | Will+ Str+2 SInv}
 21754 | IceCv    | Found a transporter.
 21965 | Orc:2    | Reached skill level 10 in Hexes
 22272 | Orc:2    | Found Foasop's Jewellery Shop.
 22272 | Orc:2    | Found Bong's Assorted Antiques.
 22272 | Orc:2    | Found Masugg's Jewellery Emporium.
 22272 | Orc:2    | Found Deorhas's Assorted Antiques.
 22343 | Orc:2    | Found a staircase to the Elven Halls.
 22858 | Snake:1  | Entered Level 1 of the Snake Pit
 23242 | D:14     | Found a gate to the Vaults.
 23707 | D:15     | Entered Level 15 of the Dungeon
 24291 | D:15     | Found a staircase to the Depths.
 24440 | D:15     | Identified the +3 chain mail "Zodah" {rElec rPois Int+3
                  | Dex-2}
 25138 | Swamp:1  | Entered Level 1 of the Swamp
 25854 | Swamp:2  | Reached skill level 1 in Evocations
 25967 | Swamp:2  | Noticed a tentacled monstrosity
 25971 | Swamp:2  | Reached XP level 16. HP: 123/123 MP: 24/24
 25974 | Swamp:2  | Killed a tentacled monstrosity
 25984 | Swamp:2  | Noticed Jorgrun
 26150 | Swamp:2  | Noticed a thorn hunter
 26156 | Swamp:2  | Killed a thorn hunter
 26157 | Swamp:2  | Reached skill level 5 in Evocations
 26253 | Swamp:2  | HP: 1/123 [Jorgrun/iron shot (55)]
 26788 | Swamp:2  | Killed Jorgrun
 26999 | Swamp:3  | Noticed a thorn hunter
 27006 | Swamp:3  | Killed a thorn hunter
 28221 | Orc:2    | Bought the +6 arbalest "Damnation" {damnation} for 2080
                  | gold pieces
 28221 | Orc:2    | Found the +6 arbalest "Damnation" {damnation}
 28785 | Snake:1  | Found Filoch's Magic Scroll Boutique.
 28887 | Snake:1  | Found a shadowy altar of Dithmenos.
 29081 | Snake:1  | Reached ****** piety under Hepliaklqana
 29384 | Snake:2  | Noticed Louise
 29390 | Snake:1  | Killed Louise
 29599 | Snake:2  | Noticed Vashnia
 29620 | Snake:2  | Slain by an anaconda

Illustrated notes

Levels and vault maps discovered:
D:1:      doesnt_arrival_eight_statues, layout_basic
D:2:      layout_basic, grunt_decor_junction, minmay_fractal_squares_gapless_5
D:3:      minmay_roachtagon, layout_basic, nicolae_ecumenical_pavilion,
          saegor_snake_ambush
D:4:      layout_rooms, elyvilon_altar_5, minmay_temple_entry_statues_fountains
D:5:      layout_cave_pools, gup_sewer_entry_pipe, nicolae_wooded_promenade,
          nicolae_nh_ransacked_shop
D:6:      layout_basic, lexackson_kobold_supper, uniq_grinder
D:7:      layout_rooms, nzn_overflow_gifts_of_might_and_magic,
          nicolae_shop_i_like_big_books
D:8:      layout_rooms, lair_entry_dummy, minmay_lindwurm_lava
D:9:      layout_roguey, zombieorc2_lemuel, serial_shops, shop, uniq_erolcha
D:10:     layout_loops_ring
D:11:     layout_rooms, minivault_16, hangedman_abyss_or_decor_clamps,
          uniq_fannar, uniq_amaemon
D:12:     layout_gridville, ebering_ghost_inner_flame, minmay_circle_x
D:13:     layout_stronghold, trove_entry_hex_spiral, nzn_life_drinkers
D:14:     layout_stronghold, skrybe_vaults_entry_preservation,
          nicolae_figureground_pulse
D:15:     gammafunk_depths_entry_grave, layout_cave_pods, serial_park_tiny_1
Lair:1:   layout_cellular_growth, special_room [special_room_bee]
Lair:2:   layout_regular_city, minmay_swamp_entry_swarm, dummy_snake_entry
Lair:3:   cheibrodos_lair_overgrown_chateau, layout_concentric_octagons,
          infiniplex_staircase_pool_2, serial_bayou_shore_a
Lair:4:   layout_hall_layers
Lair:5:   hellmonk_lair_end_abyssal_woods, layout_cave_pods, slime_entry_1,
          infiniplex_staircase_pool, grunt_megastairs_1
Swamp:1:  layout_basic_swamp, evilmike_swamp_ruin_house_6
Swamp:2:  layout_falls_marsh, evilmike_swamp_ruin_house_1, swamp_pool_3,
          uniq_jorgrun
Swamp:3:  layout_falls_marsh, evilmike_swamp_ruin_house_5,
          nicolae_swamp_tree_isthmus
Snake:1:  layout_grid_maze, serial_shops, shop, basic_altar
Snake:2:  layout_chambers, nicolae_specific_store,
          nicolae_snake_slithery_corners, minmay_shop_grove, uniq_louise,
          uniq_aizul, uniq_vashnia
Orc:1:    layout_caves
Orc:2:    st_orc_ogre_mass, layout_diamond_mine, portal_ice_cave_rime

Skill      XL: |  1  2  3  4  5  6  7  8  9 10 11 12 13 14 15 16 |
---------------+-------------------------------------------------+-----
Fighting       | 4 5 6 7 9 10 11 | 11.3
Invocations    | 2 11 | 11.0
Maces & Flails | 8 13 14 | 14.0
Dodging        | 6 |  6.4
Armour         | 6 11 | 11.4
Translocations | 4 |  4.9
Ranged Weapons | 8 11 13 14 | 14.2
Spellcasting   | 1 |  1.1
Hexes          | 8 11 | 11.0
Evocations     | 2 9 |  9.6

Action                     |  1- 3 |  4- 6 |  7- 9 | 10-12 | 13-15 | 16-18 || total
---------------------------+-------+-------+-------+-------+-------+-------++-------
  Melee: Mace              |    87 |    59 |    82 |       |       |       ||   228
         Flail             |       |       |   100 |   342 |   148 |       ||   590
   Fire: Arbalest          |       |       |    12 |    39 |   753 |   194 ||   998
   Cast: Dimensional Bulls |       |       |       |       |     2 |     2 ||     4
         Sigil of Binding  |       |       |       |       |     2 |       ||     2
         Blink             |       |       |       |       |     1 |       ||     1
 Invoke: Ancestor Life: Ba |     1 |       |       |       |       |       ||     1
         Recall Ancestor   |       |     1 |       |     1 |     6 |     1 ||     9
         Idealise          |       |       |       |     7 |    16 |     2 ||    25
         Transference      |       |       |       |       |     2 |       ||     2
  Evoke: Wand              |       |       |       |    19 |     4 |     6 ||    29
         Gell's gravitambo |       |       |       |       |     2 |     1 ||     3
    Use: Scroll            |       |     1 |       |    15 |    18 |     5 ||    39
         Potion            |       |       |     1 |    11 |     6 |     4 ||    22
   Stab: Distracted        |       |     1 |     2 |     6 |     2 |       ||    11
         Invisible         |       |       |       |       |     7 |       ||     7
         Confused          |       |       |       |       |     2 |       ||     2
 Armour: Robe              |    50 |    36 |     5 |       |       |       ||    91
         Leather armour    |       |       |    36 |       |       |       ||    36
         Ring mail         |       |       |   126 |   301 |   289 |       ||   716
         Swamp dragon scal |       |       |       |       |    21 |   163 ||   184
  Dodge: Dodged            |    54 |    40 |   106 |   220 |   331 |   117 ||   868

Table legend: (Time is in decaauts)
 A = Elapsed time spent in this place.
 B = Non-inter-level travel time spent in this place.
 C = Inter-level travel time spent in this place.
 D = Time resting spent in this place.
 E = Time spent auto-exploring this place.
 F = Levels seen in this place.
 G = Mean time per level.
                   A        B        C        D        E       F      G
               +--------+--------+--------+--------+--------+-----+--------+
         Total |  30207 |  27690 |   2517 |   5239 |  17296 |  29 | 1041.6 |
       Dungeon |  14101 |  12820 |   1281 |   1148 |   9256 |  15 |  940.1 |
          Lair |   9476 |   8707 |    769 |   2608 |   4532 |   5 | 1895.2 |
         Swamp |   3045 |   2844 |    201 |   1193 |   1126 |   3 | 1015.0 |
     Snake Pit |   1248 |   1160 |     88 |     95 |    920 |   2 |  624.0 |
  Orcish Mines |   1288 |   1112 |    176 |      0 |    843 |   2 |  644.0 |
         Sewer |   1007 |   1007 |      0 |    195 |    617 |   1 | 1007.0 |
      Ice Cave |     40 |     40 |      0 |      0 |      0 |   1 |   40.0 |
               +--------+--------+--------+--------+--------+-----+--------+

Top non-repeatable levels by time:
  Lair:1: 2351 daAuts
  Lair:5: 2011 daAuts
  Lair:3: 1929 daAuts
  Lair:2: 1846 daAuts
 Swamp:1: 1375 daAuts
    D:14: 1357 daAuts
  Lair:4: 1337 daAuts
     D:8: 1274 daAuts
    D:15: 1240 daAuts
    D:13: 1161 daAuts
 Snake:1: 1160 daAuts
     D:3: 1109 daAuts
 Swamp:2: 1096 daAuts
   Orc:2: 1043 daAuts
    D:12: 1041 daAuts

Levels and vault maps discovered:
D:1:      doesnt_arrival_eight_statues, layout_basic
D:2:      layout_basic, grunt_decor_junction, minmay_fractal_squares_gapless_5
D:3:      minmay_roachtagon, layout_basic, nicolae_ecumenical_pavilion,
          saegor_snake_ambush
D:4:      layout_rooms, elyvilon_altar_5, minmay_temple_entry_statues_fountains
D:5:      layout_cave_pools, gup_sewer_entry_pipe, nicolae_wooded_promenade,
          nicolae_nh_ransacked_shop
D:6:      layout_basic, lexackson_kobold_supper, uniq_grinder
D:7:      layout_rooms, nzn_overflow_gifts_of_might_and_magic,
          nicolae_shop_i_like_big_books
D:8:      layout_rooms, lair_entry_dummy, minmay_lindwurm_lava
D:9:      layout_roguey, zombieorc2_lemuel, serial_shops, shop, uniq_erolcha
D:10:     layout_loops_ring
D:11:     layout_rooms, minivault_16, hangedman_abyss_or_decor_clamps,
          uniq_fannar, uniq_amaemon
D:12:     layout_gridville, ebering_ghost_inner_flame, minmay_circle_x
D:13:     layout_stronghold, trove_entry_hex_spiral, nzn_life_drinkers
D:14:     layout_stronghold, skrybe_vaults_entry_preservation,
          nicolae_figureground_pulse
D:15:     gammafunk_depths_entry_grave, layout_cave_pods, serial_park_tiny_1
Lair:1:   layout_cellular_growth, special_room [special_room_bee]
Lair:2:   layout_regular_city, minmay_swamp_entry_swarm, dummy_snake_entry
Lair:3:   cheibrodos_lair_overgrown_chateau, layout_concentric_octagons,
          infiniplex_staircase_pool_2, serial_bayou_shore_a
Lair:4:   layout_hall_layers
Lair:5:   hellmonk_lair_end_abyssal_woods, layout_cave_pods, slime_entry_1,
          infiniplex_staircase_pool, grunt_megastairs_1
Swamp:1:  layout_basic_swamp, evilmike_swamp_ruin_house_6
Swamp:2:  layout_falls_marsh, evilmike_swamp_ruin_house_1, swamp_pool_3,
          uniq_jorgrun
Swamp:3:  layout_falls_marsh, evilmike_swamp_ruin_house_5,
          nicolae_swamp_tree_isthmus
Snake:1:  layout_grid_maze, serial_shops, shop, basic_altar
Snake:2:  layout_chambers, nicolae_specific_store,
          nicolae_snake_slithery_corners, minmay_shop_grove, uniq_louise,
          uniq_aizul, uniq_vashnia
Orc:1:    layout_caves
Orc:2:    st_orc_ogre_mass, layout_diamond_mine, portal_ice_cave_rime

Table legend: (Time is in decaauts)
 A = Elapsed time spent in this place.
 B = Non-inter-level travel time spent in this place.
 C = Inter-level travel time spent in this place.
 D = Time resting spent in this place.
 E = Time spent auto-exploring this place.
 F = Levels seen in this place.
 G = Mean time per level.
                   A        B        C        D        E       F      G
               +--------+--------+--------+--------+--------+-----+--------+
         Total |  30207 |  27690 |   2517 |   5239 |  17296 |  29 | 1041.6 |
       Dungeon |  14101 |  12820 |   1281 |   1148 |   9256 |  15 |  940.1 |
          Lair |   9476 |   8707 |    769 |   2608 |   4532 |   5 | 1895.2 |
         Swamp |   3045 |   2844 |    201 |   1193 |   1126 |   3 | 1015.0 |
     Snake Pit |   1248 |   1160 |     88 |     95 |    920 |   2 |  624.0 |
  Orcish Mines |   1288 |   1112 |    176 |      0 |    843 |   2 |  644.0 |
         Sewer |   1007 |   1007 |      0 |    195 |    617 |   1 | 1007.0 |
      Ice Cave |     40 |     40 |      0 |      0 |      0 |   1 |   40.0 |
               +--------+--------+--------+--------+--------+-----+--------+

Top non-repeatable levels by time:
  Lair:1: 2351 daAuts
  Lair:5: 2011 daAuts
  Lair:3: 1929 daAuts
  Lair:2: 1846 daAuts
 Swamp:1: 1375 daAuts
    D:14: 1357 daAuts
  Lair:4: 1337 daAuts
     D:8: 1274 daAuts
    D:15: 1240 daAuts
    D:13: 1161 daAuts
 Snake:1: 1160 daAuts
     D:3: 1109 daAuts
 Swamp:2: 1096 daAuts
   Orc:2: 1043 daAuts
    D:12: 1041 daAuts

Table legend:
 A = Kills in this place as a percentage of kills in the entire game.
 B = Kills by you in this place as a percentage of kills by you in the entire game.
 C = Kills by friends in this place as a percentage of kills by friends in the entire game.
 D = Other kills in this place as a percentage of other kills in the entire game.
 E = Experience gained in this place as a percentage of experience gained in the entire game.
 F = Experience gained in this place divided by the number of levels of this place that you have seen.
                   A       B       C       D       E      F
               +-------+-------+-------+-------+-------+----------------------
         Total | 100.0 | 100.0 | 100.0 | 100.0 | 100.0 | 6819.7
       Dungeon |  45.0 |  48.5 |  41.4 |   0.0 |  26.8 | 3528.8
          Lair |  28.4 |  21.9 |  35.9 |   0.0 |  33.1 | 13072.8
         Swamp |   7.7 |   8.0 |   6.8 | 100.0 |  17.0 | 11197.0
     Snake Pit |   4.9 |   7.3 |   2.4 |   0.0 |  11.4 | 11234.5
  Orcish Mines |  10.6 |  12.5 |   8.6 |   0.0 |  11.2 | 11078.5
         Sewer |   2.7 |   1.4 |   4.2 |   0.0 |   0.2 | 393.0
      Ice Cave |   0.6 |   0.5 |   0.8 |   0.0 |   0.4 | 864.0
               +-------+-------+-------+-------+-------+----------------------
